 Dungeon Crawl Stone Soup version 0.31-a0-1178-gc5c9b8f871 (webtiles) character file.

Game seed: 17633942494475036074

347 qw the Shooter (level 6, -3/38 HPs)
             Began as a Gargoyle Hunter on Dec 11, 2023.
             Slain by an ice beast (11 damage)
             ... on level 5 of the Dungeon.
             The game lasted 00:01:18 (3551 turns).

qw the Shooter (Gargoyle Hunter)                    Turns: 3551, Time: 00:01:19

Health: -3/38      AC:  9    Str: 14    XL:     6   Next: 59%
Magic:  6/6        EV: 10    Int: 10    God:
Gold:   224        SH:  0    Dex: 15    Spells: 5/5 levels left

rFire   . . .        a - +0 shortbow
rCold   . . .        (shield currently unavailable)
rNeg    + . .        e - +0 ring mail
rPois   inf          (no helmet)
rElec   +            (no cloak)
rCorr   .            (no gloves)
SInv    .            (no boots)
Will    .....        (no amulet)
Stlth   +            (no ring)
HPRegen 0.26/turn    (no ring)
MPRegen 0.10/turn

%: no passive effects
@: no status effects
A: sickness immunity, AC +4, negative energy resistance 1, electricity
resistance, torment resistance 1, petrification resistance
a: no special abilities


You were on level 5 of the Dungeon.
You visited 1 branch of the dungeon, and saw 5 of its levels.

You collected 224 gold pieces.


Innate Abilities, Weirdness & Mutations

You are immune to sickness and miasma.
Your stone body is resilient. (AC +4)
You are immune to poison.
You resist negative energy. (rN+)
You are resistant to electric shocks. (rElec)
You are resistant to unholy torment.
You are immune to petrification.


   Skills:
 - Level 4.0 Fighting
 + Level 6.8 Ranged Weapons
 - Level 1.0 Armour
 - Level 1.5 Dodging
 - Level 1.1 Stealth


You had 5 spell levels left.
You didn't know any spells.
Your spell library was empty.

Inventory:

Hand Weapons
 a - a +0 shortbow (weapon)
Armour
 e - a +0 ring mail (worn)
 j - the +4 ring mail of the Unseen Realm {rElec MP+9 Int+6}
   (You found it on level 5 of the Dungeon)

   Int+6:     It affects your intelligence (+6).
   rElec:     It insulates you from electricity.
   MP+9:      It affects your magic capacity (+9).
Scrolls
 g - a scroll of teleportation
Potions
 b - a potion of degeneration {unknown}
 c - a potion of mutation {unknown}
 d - a potion of curing {unknown}
 f - a potion of invisibility {unknown}
 h - a potion of heal wounds {unknown}
 i - a potion of haste {unknown}

Dungeon Overview and Level Annotations

Branches:
Dungeon (5/15)
 Temple: D:4-7

Altars:
Gozag
Kikubaaqudgha
Ru

Annotations:
D:5 1 runed translucent door, Crazy Yiuf


Message History

You start resting.
You hear the hiss of a very distant avalanche of sand.
You hear a distant slurping noise. x2
You hear the brisk hiss of a very distant avalanche of sand.
HP restored.
You open the door.
There is an open door here.
You see here a +0 flail.
You open the door.
There is an open door here.
An ice beast comes into view.
You shoot an arrow. The arrow barely misses the ice beast.
You shoot an arrow. The arrow closely misses the ice beast.
The ice beast hits you but does no damage.
You shoot an arrow. The arrow closely misses the ice beast.
The ice beast hits you. The ice beast freezes you!
The ice beast hits you but does no damage.
You shoot an arrow.
The arrow hits the ice beast but does no damage.
The ice beast barely misses you.
You shoot an arrow.
The arrow hits the ice beast but does no damage.
The ice beast hits you but does no damage.
You shoot an arrow. The arrow hits the ice beast!
The ice beast is heavily wounded.
The ice beast barely misses you.
You shoot an arrow. The arrow hits the ice beast.
The ice beast is severely wounded.
The ice beast hits you. The ice beast freezes you!
A jelly comes into view.
Enter note:
Enter note:
Enter note:
Enter note:
3550 ||| Stepping ~*~*~tactically~*~*~ (retreating).
You shoot an arrow.
The arrow hits the ice beast but does no damage.
The ice beast is severely wounded.
The ice beast hits you. The ice beast freezes you!
You die...

#.#.#......#
#....# #........#
#....#
#......#####....#
..#.....#........#
.
#######.####'####
#....#.#.J
#......#.#
#.######.#
#.....@Y.#
##########


You could see an ice beast.

Vanquished Creatures
  2 hounds
  A sleepcap (D:5)
  7 gnolls (D:4)
  10 adders
  A white imp (D:5)
  A worm (D:2)
  4 dart slugs
  5 orcs
  8 endoplasms
  2 giant cockroaches
  5 goblins
  10 hobgoblins
  7 jackals
  8 kobolds
  4 quokkas
  5 ball pythons
  2 bats (D:2)
  3 frilled lizards
  A rat (D:1)
86 creatures vanquished.

Notes
Turn   | Place    | Note
-------+----------+-------------------------------------------
     0 | D:1      | qw the Gargoyle Hunter began the quest for the Orb.
     0 | D:1      | Reached XP level 1. HP: 12/12 MP: 1/1
     0 | D:1      | 0 ||| qw: Version: 0.3-a-106-g2cfff9e
     0 | D:1      | 0 ||| qw: Game counter: 1984
     0 | D:1      | 0 ||| qw: Melee chars always use a shield: true
     0 | D:1      | 0 ||| qw: God list: Okawaru
     0 | D:1      | 0 ||| qw: Allow faded altars: false
     0 | D:1      | 0 ||| qw: Do Orc after clearing Dungeon:15 true
     0 | D:1      | 0 ||| qw: Do second Lair branch before Depths: true
     0 | D:1      | 0 ||| qw: Lair rune preference: random
     0 | D:1      | 0 ||| qw: Goals: Normal, Save, Zot:1-4, Win
     0 | D:1      | 0 ||| PLANNING D:1-11
   114 | D:1      | Reached XP level 2. HP: 17/17 MP: 2/2
   114 | D:1      | You fall into a shaft and drop 1 floor!
   135 | D:2      | Reached XP level 3. HP: 17/21 MP: 3/3
   158 | D:2      | Reached skill level 5 in Ranged Weapons
   302 | D:2      | Reached skill level 3 in Fighting
   312 | D:2      | Reached XP level 4. HP: 25/28 MP: 4/4
   429 | D:2      | 429 ||| DROPPING scroll of butterflies.
   756 | D:1      | 756 ||| UPGRADING to +0 ring mail.
   766 | D:1      | 766 ||| DROPPING +0 leather armour.
   767 | D:1      | 767 ||| READING scroll labelled FUKHAU MEME.
   768 | D:1      | 768 ||| READING 2 scrolls labelled UFOSIG RIKHOCA.
  1355 | D:2      | Reached skill level 1 in Armour
  1589 | D:2      | 1589 ||| READING scroll labelled MATROMPATURGH.
  1825 | D:3      | Reached XP level 5. HP: 32/32 MP: 5/5
  1895 | D:3      | Found an ancient bone altar of Kikubaaqudgha.
  1938 | D:3      | Found an opulent altar of Gozag.
  2086 | D:3      | 2086 ||| READING scroll labelled PEGGOULA KIMYF.
  2087 | D:3      | 2087 ||| READING scroll labelled FEHUTI WUKLAEM.
  2088 | D:3      | 2088 ||| READING scroll labelled HYKHIF JETIAL.
  2089 | D:3      | 2089 ||| READING scroll labelled DUHOGIAJOE.
  2222 | D:4      | 2222 ||| STAIRDANCE
  2233 | D:3      | Reached skill level 6 in Ranged Weapons
  2307 | D:4      | Found a sacrificial altar of Ru.
  2444 | D:4      | Reached XP level 6. HP: 35/38 MP: 6/6
  3233 | D:5      | Entered Level 5 of the Dungeon
  3234 | D:5      | 3234 ||| PLANNING OSSUARY
  3234 | D:5      | 3234 ||| STAIRDANCE
  3238 | D:5      | 3238 ||| STAIRDANCE
  3274 | D:5      | 3274 ||| STAIRDANCE
  3354 | D:5      | Identified the +4 ring mail of the Unseen Realm {rElec MP+9
                  | Int+6}
  3399 | D:5      | Found a runed translucent door.
  3400 | D:5      | Noticed Crazy Yiuf
  3542 | D:5      | Noticed an ice beast
  3550 | D:5      | 3550 ||| Stepping ~*~*~tactically~*~*~ (retreating).
  3551 | D:5      | HP: 8/38 [ice beast (3)]
  3551 | D:5      | Slain by an ice beast

Levels and vault maps discovered:
D:1:      erik_arrival_triangle_small, layout_rooms
D:2:      layout_basic
D:3:      layout_rooms, nicolae_overflow_crystal_walls, kiku_gazebo_pond_becter,
          dk_noncrumbling_4
D:4:      layout_basic, nicolae_ru_sacrificial_ziggurat
D:5:      minmay_inner_zag, layout_basic,
          mainiacjoe_ossuary_entry_find_the_door, water_boxes_lemuel,
          uniq_crazy_yiuf_cottage

Skill      XL: |  1  2  3  4  5 |
---------------+----------------+-----
Ranged Weapons | 5 6 |  6.8
Fighting       | 3 4 |  4.0
Armour         | 1 |  1.0
Dodging        | |  1.5
Stealth        | |  1.1

Action                     |  1- 3 |  4- 6 || total
---------------------------+-------+-------++-------
   Fire: Shortbow          |    65 |   266 ||   331
    Use: Scroll            |       |     7 ||     7
 Armour: Leather armour    |    21 |     7 ||    28
         Ring mail         |       |    92 ||    92
  Dodge: Dodged            |    26 |    91 ||   117

Table legend:
 A = Non-vault XP
 B = Vault XP
 C = Vault XP percentage of total XP
 D = Non-vault monster count
 E = Vault monster count
 F = Vault count percentage of total count
                 A         B        C        D         E       F
            +---------+---------+-------+---------+---------+-------
      Total |     496 |       0 |   0.0 |      86 |       0 |   0.0
            +---------+---------+-------+---------+---------+-------
        D:1 |      28 |       0 |   0.0 |      17 |       0 |   0.0
        D:2 |     119 |       0 |   0.0 |      21 |       0 |   0.0
        D:3 |      70 |       0 |   0.0 |      14 |       0 |   0.0
        D:4 |     201 |       0 |   0.0 |      28 |       0 |   0.0
        D:5 |      78 |       0 |   0.0 |       6 |       0 |   0.0
            +---------+---------+-------+---------+---------+-------
